 Dungeon Crawl Stone Soup version 0.18-a0-1164-g7046a04 (webtiles) character file.

117291 mrath the Thaumaturge (level 16, 0/141 HPs)
             Began as a Deep Dwarf Necromancer on Jan 23, 2016.
             Was a High Priest of Vehumet.
             Slain by an alligator snapping turtle (9 damage)
             ... on level 2 of the Shoals on Jan 25, 2016.
             The game lasted 11:42:33 (47184 turns).

mrath the Thaumaturge (Deep Dwarf Necromancer)     Turns: 47184, Time: 11:42:33

Health: 0/141      AC: 21    Str: 15    XL:     16   Next: 22%
Magic:  21/32      EV: 18    Int: 23    God:    Vehumet [*****.]
Gold:   696        SH:  0    Dex: 13    Spells: 11 memorised, 3 levels left

rFire  . . .     SeeInvis .     E - +4 flail (protect)
rCold  . . .     Gourm    .     x - +0 robe "Neodis" {rPois MR+}
rNeg   + . .     Faith    .     (no shield)
rPois  +         Spirit   .     K - +1 helmet
rElec  .         Dismiss  .     W - +0 cloak
rCorr  .         Reflect  .     q - +2 pair of gloves {Str+3}
SustAt .         Harm     .     z - +2 pair of boots {Stlth+}
MR     +++..                    f - amulet of magic regeneration
Stlth  +++.......               F - ring of wizardry
                                Q - +3 ring of protection

@: non-regenerating, repel missiles, extremely resistant to hostile
enchantments, fairly stealthy
A: damage resistance, recharge devices, negative energy resistance 1, sense
surroundings 2, slow regeneration 3
a: Device Recharging, Renounce Religion


You were on level 2 of the Shoals.
You worshipped Vehumet.
Vehumet was extremely pleased with you.
You were not hungry.

You visited 5 branches of the dungeon, and saw 27 of its levels.
You also visited: Ossuary.

You collected 2339 gold pieces.
You spent 1643 gold pieces at shops.

Inventory:

Hand Weapons
 b - a +4 rapier of protection
 w - a +5 trident of pain
 C - a +0 blowgun
 E - a +4 flail of protection (weapon)
 S - a +0 greatsling
Missiles
 j - 18 javelins of returning
 k - 65 poisoned needles
 p - 7 needles of frenzy
 t - 3 poisoned tomahawks (quivered)
 u - 37 tomahawks
 v - 111 sling bullets
 y - 53 sling bullets of frost
Armour
 q - a +2 pair of gloves of strength (worn)
 r - a +0 shield
 x - the +0 robe "Neodis" (worn) {rPois MR+}
   (You found it on level 7 of the Lair of Beasts)

   It protects you from poison.
   It affects your resistance to hostile enchantments.
 z - a +2 pair of boots of stealth (worn)
 K - a +1 helmet (worn)
 W - a +0 cloak (worn)
Jewellery
 a - an uncursed ring of resist corrosion
 f - an amulet of magic regeneration (around neck)
 F - a ring of wizardry (right hand)
 Q - a +3 ring of protection (left hand)
 U - an uncursed ring of protection from magic
 Y - an uncursed ring of sustain attributes
Wands
 c - a wand of heal wounds (4/9)
 e - a wand of lightning (9/15)
 D - a wand of fireball (8/15)
 O - a wand of hasting (1/9)
 R - a wand of paralysis (12/24)
 V - a wand of lightning (10/15)
Scrolls
 d - a scroll of random uselessness {unknown}
 i - a scroll of summoning {unknown}
 l - 12 scrolls of remove curse
 n - a scroll of amnesia
 H - a scroll of teleportation
 P - 2 scrolls of magic mapping
 X - 3 scrolls of identify
Potions
 h - 5 potions of agility
 o - 4 potions of magic
 s - 5 potions of curing
 B - a potion of heal wounds
 G - 4 potions of lignification
 M - 3 potions of haste
 Z - 2 potions of flight
Miscellaneous
 N - a plain deck of defence
Comestibles
 g - 10 meat rations
 A - a bread ration


   Skills:
 + Level 8.6 Fighting
 - Level 6.4 Maces & Flails
 + Level 10.7 Armour
 + Level 11.0 Dodging
 - Level 2.4 Stealth
 + Level 3.2 Shields
 * Level 12.5 Spellcasting
 + Level 8.8 Conjurations
 + Level 11.9 Necromancy
 - Level 5.7 Translocations
 + Level 1.6 Fire Magic
 - Level 3.0 Air Magic
 - Level 3.3 Poison Magic
 + Level 12.2 Evocations


You had 3 spell levels left.
You knew the following spells:

 Your Spells              Type           Power        Failure   Level  Hunger
a - Pain                  Necr           ####         1%          1    None
b - Animate Skeleton      Necr           N/A          1%          1    None
c - Vampiric Draining     Necr           ######....   1%          3    None
d - Animate Dead          Necr           N/A          1%          4    None
e - Mephitic Cloud        Conj/Pois/Air  #####...     1%          3    None
f - Control Undead        Necr           ######....   1%          4    None
g - Force Lance           Conj/Tloc      #####...     1%          4    None
h - Bolt of Draining      Conj/Necr      ######....   1%          5    ###....
i - Venom Bolt            Conj/Pois      #####.....   1%          5    ###....
j - Fireball              Conj/Fire      #####.....   2%          5    ###....
k - Repel Missiles        Chrm/Air       ###...       1%          2    None


Dungeon Overview and Level Annotations

Branches:
Dungeon (14/15)            Temple (1/1) D:4            Lair (8/8) D:11
 Shoals (2/4) Lair:3       Spider (0/4) Lair:4        Slime (0/6) Lair:7
    Orc (2/2) D:11            Elf (0/3) Orc:2        Vaults (0/5) D:13

Altars:
Ashenzari
Cheibriados
Dithmenos
Elyvilon
Fedhas
Gozag
Kikubaaqudgha
Makhleb
Nemelex Xobeh
Okawaru
Pakellas
Ru
Sif Muna
Trog
Vehumet
Xom
Yredelemnul
Zin
The Shining One
Beogh

Shops:
D:6 =   D:7 [:   D:10 }   Orc:2 *[(:

Annotations:
D:3 Trivium's ghost, amateur DsFi
D:7 asdu's ghost, novice DDGl
D:14 Azrael; Rupert
Lair:5 Vojta's ghost, journeyman TrWz
Orc:2 Saint Roka


Innate Abilities, Weirdness & Mutations

You are resistant to damage.
You can recharge devices by infusing magical energy.
You resist negative energy.
You passively map the area around you.
You do not regenerate naturally.


Message History

Aiming: Force Lance
Press: ? - help, Shift-Dir - straight line, f/p - alligator snapping turtle
Aim: an alligator snapping turtle (moderately wounded, lightly drained)
The lance of force hits the alligator snapping turtle.
The alligator snapping turtle is moderately wounded.
The alligator snapping turtle seems less drained.
The alligator snapping turtle barely misses you.
The alligator snapping turtle bites you from afar.
* * * LOW HITPOINT WARNING * * *
Casting: Force Lance
Confirm with . or Enter, or press ? or * to list all spells.
Aiming: Force Lance
Press: ? - help, Shift-Dir - straight line, f/p - alligator snapping turtle
Aim: an alligator snapping turtle (moderately wounded, lightly drained)
The lance of force hits the alligator snapping turtle.
The alligator snapping turtle is moderately wounded.
The alligator snapping turtle bites you from afar!
* * * LOW HITPOINT WARNING * * *
The alligator snapping turtle bites you from afar!
You die...

≈≈≈≈≈≈≈≈≈≈≈≈≈≈≈≈≈≈≈≈≈≈≈ ≈
≈≈≈≈≈≈≈≈≈≈≈..≈≈≈≈≈≈≈≈≈≈≈≈≈≈
≈≈≈≈≈≈≈≈≈≈.....≈≈≈≈≈≈≈≈≈≈≈≈
PP≈≈≈≈≈≈.P....P.≈≈≈≈≈≈≈≈≈≈≈
≈
P.P≈≈≈P...PP...≈≈≈≈≈≈≈≈≈≈≈≈≈
PP≈..P......≈≈..≈≈≈≈≈≈≈≈≈≈≈
PP........P≈≈....≈≈≈≈≈≈≈≈≈≈
≈
≈.P##.....≈P≈.....≈≈≈≈≈≈≈≈≈
≈≈
≈≈..##.<...≈....@≈≈[≈≈≈≈≈≈≈
≈≈≈>.............≈≈≈≈..≈≈≈≈
≈..##.........t.t≈≈≈≈≈≈≈≈≈≈
≈≈.###.......≈..≈≈≈≈≈≈≈≈≈≈≈
≈≈≈
≈≈....≈.........≈≈≈≈≈≈≈≈≈≈≈
≈ ≈
≈P....≈.........≈≈≈≈≈≈≈≈≈≈≈
≈≈
P≈≈..≈≈....≈≈≈..≈≈≈≈≈≈≈≈≈≈≈
≈
P≈≈≈≈≈.≈...≈≈......≈≈≈≈≈≈≈≈
≈ ≈≈
≈≈≈≈≈≈..≈≈≈≈≈...(###.≈≈≈≈≈≈
≈


You could see 2 alligator snapping turtles.

Vanquished Creatures
  Kirke (D:13)
  An azure jelly (shapeshifter) (D:13)
  Maud (D:11)
  2 stone giants
  Nessos (Lair:6)
  Snorg (D:11)
  A vault guard (D:13)
  3 ettins (Orc:2)
  A merfolk javelineer (Shoals:1)
  A fire dragon (D:14)
  Josephine (D:10)
  2 merfolk impalers
  10 hydras
  Harold (D:10)
  5 catoblepae
  2 merfolk aquamancers
  Erica (D:11)
  A centaur warrior (D:14)
  2 merfolk avatars
  15 death yaks
  2 tengu warriors (D:13)
  An orc high priest (Orc:2)
  Sonja (Orc:2)
  2 sea snakes (Shoals:1)
  7 hill giants
  Pikel (D:6)
  An orc knight (Orc:2)
  An ugly thing (D:13)
  A necromancer (Lair:7)
  10 cyclopes
  A water nymph (Shoals:1)
  A deep elf mage (D:14)
  5 griffons
  Joseph (Lair:1)
  16 elephants
  5 manticores
  6 black mambas
  A guardian serpent (shapeshifter) (D:13)
  A torpor snail (Lair:3)
  4 sirens
  2 gargoyles
  25 spiny frogs
  7 komodo dragons
  An efreet (D:13)
  A kobold demonologist (D:14)
  A fire drake (Lair:7)
  8 merfolk
  A tengu conjurer (D:13)
  5 trolls
  3 two-headed ogres
  A jumping spider (Lair:4)
  A boulder beetle (Lair:7)
  4 slime creatures
  A wind drake (Shoals:2)
  7 blink frogs
  A snapping turtle (Shoals:2)
  A tarantella (shapeshifter) (D:14)
  A shadow (D:13)
  4 wraiths
  A wyvern (Lair:8)
  A spriggan (D:7)
  5 water elementals
  3 basilisks
  45 yaks
  Eustachio (D:6)
  5 hogs (D:14)
  3 fire elementals
  10 hippogriffs
  Grum (D:10)
  A steam dragon (D:12)
  2 wargs
  A soldier ant (D:13)
  35 wolves
  12 water moccasins
  A hell hound (D:14)
  13 porcupines
  18 orc warriors
  A black bear (D:9)
  An elephant zombie (Lair:7)
  A wasp (D:13)
  A necrophage (D:13)
  2 ice beasts
  4 sky beasts
  A phantom (D:9)
  An eye of draining (D:12)
  5 boggarts (D:14)
  11 ogres
  9 centaurs
  22 crocodiles
  6 big kobolds
  22 giant frogs
  A water moccasin zombie (D:7)
  3 scorpions
  A scorpion (shapeshifter) (D:13)
  8 wights
  7 killer bees
  2 electric eels (Lair:7)
  3 crimson imps
  3 centaur zombies
  4 giant frog zombies
  18 orc priests
  2 jellies
  2 centaur skeletons
  2 giant frog skeletons
  A human zombie (Ossuary)
  8 hounds
  20 orc wizards
  9 iguanas
  12 worker ants
  21 sheep
  3 mummies
  A worker ant zombie (D:10)
  14 adders
  67 river rats
  5 shadow imps
  2 white imps (Lair:2)
  4 oozes
  An adder skeleton (D:5)
  2 adder zombies
  4 worms
  14 giant geckos
  90 orcs
  10 bats
  12 giant cockroaches
  6 hobgoblins
  7 jackals
  8 quokkas
  3 ball pythons
  A giant gecko zombie (D:7)
  4 giant newts
  A gnoll zombie (Ossuary)
  13 goblins
  6 hobgoblin zombies (Ossuary)
  A jackal zombie (D:5)
  34 kobolds
  A kobold zombie (Ossuary)
  2 orc zombies (Ossuary)
  A quokka skeleton (D:6)
  4 quokka zombies
  10 rats
  5 rat zombies (Ossuary)
  A butterfly (Lair:6)
  A fungus (Orc:2)
  A plant (Lair:7)
907 creatures vanquished.

Vanquished Creatures (collateral kills)
  A centaur warrior (D:11)
  A death yak (Lair:7)
  5 elephants
  2 spiny frogs
  4 komodo dragons
  A harpy zombie (D:13)
  A shadow (D:14)
  10 yaks
  2 hippogriffs
  A hungry ghost (D:9)
  Menkaure (D:7)
  2 wolves
  7 water moccasins
  2 porcupines
  An orc warrior (Orc:2)
  A phantom (D:7)
  A centaur (D:5)
  An elf zombie (Ossuary)
  2 giant frogs
  A wyvern skeleton (D:13)
  10 wights
  An electric eel (Lair:7)
  A crimson imp (D:6)
  3 centaur zombies (Ossuary)
  A giant frog zombie (D:12)
  A basilisk zombie (Lair:7)
  A giant frog skeleton (D:13)
  2 centaur skeletons
  2 orc wizards (D:10)
  2 human zombies (Ossuary)
  6 sheep
  A mummy (Ossuary)
  A worker ant zombie (D:9)
  15 river rats
  An adder (D:10)
  A shadow imp (D:8)
  10 white imps (Lair:2)
  An adder zombie (Ossuary)
  An adder skeleton (D:9)
  A giant gecko (D:7)
  6 orcs
  2 gnoll zombies (Ossuary)
  A goblin (D:1)
  A hobgoblin zombie (Ossuary)
  3 jackal zombies
  3 kobolds
  2 kobold zombies (Ossuary)
  A rat zombie (Ossuary)
  A fungus (Lair:6)
  2 plants
131 creatures vanquished.

Vanquished Creatures (others)
  A human (D:14)
  4 slaves (D:7)
  2 orc wizards
  An orc (Orc:1)
  A bush (Lair:7)
  42 fungi
  22 plants
73 creatures vanquished.

Grand Total: 1111 creatures vanquished

Notes
Turn   | Place    | Note
--------------------------------------------------------------
     0 | D:1      | mrath the Deep Dwarf Necromancer began the quest for the Orb.
     0 | D:1      | Reached XP level 1. HP: 15/15 MP: 3/3
     2 | D:1      | Learned a level 1 spell: Animate Skeleton
   320 | D:1      | Reached XP level 2. HP: 22/22 MP: 3/5
  1219 | D:1      | Reached XP level 3. HP: 25/28 MP: 3/6
  1951 | D:1      | Learned a level 3 spell: Vampiric Draining
  2170 | D:2      | Reached skill level 5 in Necromancy
  2657 | D:2      | Found a shimmering altar of Xom.
  2657 | D:2      | Found a shimmering altar of Xom.
  2658 | D:2      | Found a shimmering altar of Xom.
  2660 | D:2      | Found a shimmering altar of Xom.
  2662 | D:2      | Found a shimmering altar of Xom.
  2806 | D:1      | Reached XP level 4. HP: 28/36 MP: 6/8
  2940 | D:3      | You fall through a shaft for 3 floors!
  3010 | D:5      | Entered Level 5 of the Dungeon
  3087 | D:4      | Noticed an ogre
  3092 | D:4      | HP: 1/36 [ogre/giant club (16)]
  3644 | D:3      | Reached XP level 5. HP: 24/42 MP: 4/10
  3919 | D:3      | Noticed Trivium's ghost (amateur DsFi)
  4277 | D:3      | Learned a level 4 spell: Animate Dead
  5241 | D:4      | Found a staircase to the Ecumenical Temple.
  5259 | Temple   | Entered the Ecumenical Temple
  5327 | Temple   | Became a worshipper of Vehumet
  5362 | D:4      | Noticed Eustachio
  5460 | D:4      | Found a sacrificial altar of Ru.
  5488 | D:4      | Noticed an ogre
  5758 | D:4      | Reached XP level 6. HP: 47/49 MP: 1/12
  6281 | D:4      | Reached skill level 6 in Necromancy
  6398 | D:4      | Reached skill level 1 in Evocations
  6407 | D:4      | Reached skill level 1 in Armour
  6538 | D:4      | Reached skill level 1 in Fighting
  6538 | D:4      | Reached XP level 7. HP: 50/57 MP: 7/14
  6705 | D:4      | Reached skill level 5 in Spellcasting
  6806 | D:3      | Reached * piety under Vehumet
  6806 | D:3      | Offered knowledge of Freeze by Vehumet.
  7064 | D:5      | Learned a level 3 spell: Mephitic Cloud
  7186 | D:5      | Learned a level 4 spell: Control Undead
  7554 | D:5      | HP: 2/57 [centaur/arrow (13)]
  8085 | D:4      | Reached skill level 1 in Conjurations
  8390 | D:5      | Reached XP level 8. HP: 46/67 MP: 9/16
  8654 | D:6      | Found Piwubafri's Jewellery Shoppe.
  8845 | D:6      | Reached ** piety under Vehumet
  8998 | D:6      | Offered knowledge of Searing Ray by Vehumet.
  9297 | D:6      | Found a blossoming altar of Fedhas.
  9498 | D:6      | Killed Eustachio
 10030 | D:6      | Found an opulent altar of Gozag.
 10035 | D:6      | Found an oddly glowing altar of Pakellas.
 10046 | D:6      | Found a burning altar of Makhleb.
 10200 | D:7      | Noticed asdu's ghost (novice DDGl)
 10341 | D:7      | Noticed Pikel
 10402 | D:6      | Killed Pikel
 10402 | D:6      | Reached skill level 7 in Necromancy
 10402 | D:6      | Gained mutation: You passively map the area around you. [Deep Dwarf growth]
 10402 | D:6      | Reached XP level 9. HP: 68/75 MP: 4/18
 10705 | D:7      | Found Kuankaum's Antique Armour Boutique.
 11050 | D:7      | Noticed Menkaure
 11142 | D:7      | Found Pyapriotesk's Book Boutique.
 11268 | D:7      | Reached skill level 5 in Evocations
 11601 | D:7      | Killed Menkaure
 11988 | D:7      | Offered knowledge of Throw Flame by Vehumet.
 12069 | D:8      | Found a sand-covered staircase.
 12097 | Ossuary  | Entered an ossuary
 12117 | Ossuary  | Reached *** piety under Vehumet
 12217 | Ossuary  | Reached skill level 5 in Dodging
 12238 | Ossuary  | Offered knowledge of Throw Icicle by Vehumet.
 12319 | Ossuary  | Reached skill level 1 in Poison Magic
 12404 | D:8      | Reached **** piety under Vehumet
 12552 | D:8      | Offered knowledge of Force Lance by Vehumet.
 13777 | D:9      | Reached XP level 10. HP: 83/85 MP: 12/20
 14103 | D:9      | Reached skill level 5 in Armour
 14406 | D:8      | Upgraded the game from 0.18-a0-1147-g8e8348b to 0.18-a0-1157-g59db91b
 14707 | D:9      | Learned a level 4 spell: Force Lance
 14964 | D:10     | Entered Level 10 of the Dungeon
 14977 | D:10     | Noticed Josephine
 15167 | D:9      | Noticed a hill giant
 15221 | D:9      | Killed a hill giant
 15221 | D:9      | Reached skill level 1 in Translocations
 15529 | D:10     | Noticed Grum
 15623 | D:10     | Noticed Harold
 15635 | D:10     | Killed Josephine
 15635 | D:10     | Reached skill level 8 in Necromancy
 15839 | D:10     | Reached ***** piety under Vehumet
 15932 | D:10     | Offered knowledge of Bolt of Draining by Vehumet.
 15966 | D:10     | Learned a level 5 spell: Bolt of Draining
 16122 | D:10     | Upgraded the game from 0.18-a0-1157-g59db91b to 0.18-a0-1160-geb89fc2
 16211 | D:10     | Killed Harold
 16229 | D:10     | Noticed a hill giant
 16249 | D:10     | Killed a hill giant
 16249 | D:10     | Reached XP level 11. HP: 67/93 MP: 10/23
 16329 | D:10     | Noticed a hill giant
 16336 | D:10     | Killed a hill giant
 16628 | D:10     | Found Tuenuu's Gadget Shoppe.
 16896 | D:10     | Killed Grum
 17436 | D:11     | Found a staircase to the Lair.
 17440 | D:11     | Found a staircase to the Orcish Mines.
 17551 | D:11     | Noticed Snorg
 17551 | D:11     | Noticed a centaur warrior
 17601 | D:11     | Killed a centaur warrior
 17638 | D:11     | Killed Snorg
 17638 | D:11     | Reached skill level 5 in Fighting
 17856 | D:11     | Noticed Erica
 17885 | D:11     | Killed Erica
 18038 | D:11     | Noticed a hill giant
 18045 | D:11     | Killed a hill giant
 18045 | D:11     | Reached skill level 9 in Necromancy
 18680 | D:11     | Noticed a four-headed hydra
 18684 | D:11     | Killed a four-headed hydra
 18982 | Lair:1   | Entered Level 1 of the Lair of Beasts
 19257 | Lair:1   | Reached skill level 5 in Conjurations
 19544 | Lair:1   | Got a smoking robe
 19555 | Lair:1   | Identified the cursed +0 robe of Gozag's Regard {rC- Dex+5} (You found it on level 1 of the Lair of Beasts)
 19998 | Lair:1   | Noticed Joseph
 20004 | Lair:1   | Killed Joseph
 20004 | Lair:1   | Reached XP level 12. HP: 90/103 MP: 2/25
 20099 | Lair:1   | Noticed an eight-headed hydra
 20111 | Lair:1   | Killed an eight-headed hydra
 20681 | Lair:2   | Noticed a seven-headed hydra
 20689 | Lair:2   | Killed a seven-headed hydra
 20689 | Lair:2   | Reached skill level 5 in Translocations
 21068 | Lair:2   | Offered knowledge of Iskenderun's Battlesphere by Vehumet.
 21093 | Lair:2   | Found a frozen archway.
 21327 | Lair:2   | Found a glowing golden altar of the Shining One.
 21368 | Lair:2   | Noticed a six-headed hydra
 21373 | Lair:2   | Killed a six-headed hydra
 22016 | D:11     | Noticed Maud
 22027 | D:11     | Killed Maud
 22557 | Lair:3   | Noticed a seven-headed hydra
 22580 | Lair:3   | Killed a seven-headed hydra
 22704 | Lair:3   | Found a staircase to the Shoals.
 22868 | Lair:3   | Noticed a catoblepas
 23643 | Lair:4   | Reached skill level 10 in Spellcasting
 23708 | Lair:4   | Found a hole to the Spider Nest.
 24030 | Lair:3   | Reached skill level 1 in Maces & Flails
 24030 | Lair:3   | Reached XP level 13. HP: 82/112 MP: 4/27
 24128 | Lair:4   | Offered knowledge of Venom Bolt by Vehumet.
 24363 | Lair:3   | Reached skill level 1 in Air Magic
 24717 | Lair:4   | Reached skill level 10 in Necromancy
 25695 | Lair:5   | Noticed Vojta's ghost (journeyman TrWz)
 26097 | Lair:6   | Noticed Nessos
 26108 | Lair:6   | Killed Nessos
 27631 | Lair:2   | Learned a level 5 spell: Venom Bolt
 27796 | Lair:7   | Found a staircase to the Slime Pits.
 28133 | Lair:7   | Reached skill level 10 in Evocations
 28967 | Lair:7   | Offered knowledge of Spellforged Servitor by Vehumet.
 29413 | Lair:7   | Gained mutation: You resist negative energy. [Deep Dwarf growth]
 29413 | Lair:7   | Reached XP level 14. HP: 116/123 MP: 10/28
 30106 | Lair:7   | Got a shimmering robe
 30133 | Lair:7   | Identified the cursed +0 robe "Neodis" {rPois MR+} (You found it on level 7 of the Lair of Beasts)
 30407 | Lair:8   | Entered Level 8 of the Lair of Beasts
 30770 | Lair:7   | Reached skill level 11 in Spellcasting
 32398 | Lair:8   | Offered knowledge of Poison Arrow by Vehumet.
 33071 | Lair:7   | Reached skill level 5 in Maces & Flails
 34280 | Lair:8   | Reached skill level 10 in Dodging
 35465 | Lair:8   | Offered knowledge of Ozocubu's Refrigeration by Vehumet.
 35465 | Lair:8   | Reached XP level 15. HP: 121/132 MP: 18/30
 35855 | Orc:1    | Entered Level 1 of the Orcish Mines
 36296 | Orc:1    | Found a roughly hewn altar of Beogh.
 36461 | Orc:2    | Entered Level 2 of the Orcish Mines
 36914 | Orc:2    | Found Kewuvi's Book Emporium.
 36922 | Orc:2    | Found a staircase to the Elven Halls.
 37107 | Orc:2    | Reached skill level 10 in Armour
 37177 | Orc:2    | Noticed Sonja
 37181 | Orc:2    | Killed Sonja
 37233 | Orc:2    | Found Tonul's Antique Weapon Boutique.
 37341 | Orc:2    | Bought a book of Party Tricks for 650 gold pieces
 37341 | Orc:2    | Bought a book of Flames for 455 gold pieces
 37341 | Orc:2    | Bought a book of Minor Magic for 260 gold pieces
 37347 | Orc:2    | Learned a level 5 spell: Fireball
 37350 | Orc:2    | Learned a level 2 spell: Repel Missiles
 37363 | Orc:2    | Noticed Saint Roka
 38760 | D:12     | Found a burning altar of Makhleb.
 38793 | D:12     | Offered knowledge of Bolt of Fire by Vehumet.
 39185 | D:12     | Reached ****** piety under Vehumet
 40386 | D:13     | Found a gate to the Vaults.
 41532 | D:14     | Reached skill level 12 in Spellcasting
 41871 | D:14     | Noticed Kirke
 42070 | D:14     | Noticed Azrael
 42227 | D:14     | Offered knowledge of Fire Storm by Vehumet.
 42227 | D:14     | Offered knowledge of Glaciate by Vehumet.
 42227 | D:14     | Offered knowledge of Chain Lightning by Vehumet.
 42267 | D:14     | Noticed Rupert
 42421 | D:13     | Killed Kirke
 42500 | D:14     | Reached skill level 1 in Shields
 42840 | D:13     | Upgraded the game from 0.18-a0-1160-geb89fc2 to 0.18-a0-1164-g7046a04
 43028 | D:14     | Noticed an azure jelly
 43066 | D:13     | Killed an azure jelly
 44199 | Orc:2    | Found Sesch's Antique Armour Boutique.
 44483 | Orc:2    | Found Fukop's General Store.
 44493 | Orc:2    | Bought a meat ration for 85 gold pieces
 44493 | Orc:2    | Bought a scroll of identify for 34 gold pieces
 44493 | Orc:2    | Bought a potion of flight for 51 gold pieces
 44528 | Orc:2    | Found a roughly hewn altar of Beogh.
 44641 | Orc:2    | Bought a pair of embroidered gloves for 108 gold pieces
 44957 | Shoals:1 | Entered Level 1 of the Shoals
 45179 | Shoals:1 | Reached XP level 16. HP: 61/141 MP: 8/32
 45264 | Lair:3   | Reached skill level 1 in Fire Magic
 46775 | Shoals:2 | HP: 7/141 [snapping turtle (5)]
 47184 | Shoals:2 | Slain by an alligator snapping turtle

Vault maps used:
D:1:      sevenhm_arrival_forest_fort_small_4
D:2:      xom_redecorated, small_statue_intersection
D:3:      gup_sewer_entry_pipe, first_bread, hangedman_feature_mirror,
          minmay_misc_feat_hallway
D:4:      nicolae_overflow_crystal_walls, minmay_temple_entry_junction2,
          hangedman_decor_points, uniq_eustachio
D:5:      serial_undead, serial_undead_e, serial_undead_e, serial_undead_f,
          serial_undead_c
D:6:      overflow_temple_1_default, minmay_overflow_temple_star_quad,
          serial_shops, shop_fountains, hangedman_decor_riveting,
          kennysheep_generic_room_8
D:7:      marbit_many_paths, serial_shops, shop_coins, shop, the_bakery,
          minivault_25, minmay_misc_feat_tower, uniq_menkaure, uniq_pikel
D:8:      gup_ossuary_entry_pyramid
D:9:      hangedman_cross_stitches
D:10:     serial_shops, nicolae_shop_crystal, uniq_grum, uniq_josephine,
          uniq_harold
D:11:     lair_0_dummy, orc_0_dummy, uniq_erica, uniq_snorg, uniq_maud
D:12:     basic_altar
D:13:     david_vaults_5, kennysheep_another_room
D:14:     minivault_24, uniq_azrael, uniq_rupert, uniq_kirke
Temple:   nicolae_temple_god_jail
Lair:1:   uniq_joseph
Lair:2:   portal_ice_cave_entry_imps, basic_altar
Lair:3:   shoals_dummy_entry
Lair:4:   spider_nest_entry_a, grunt_megastairs_2, lemuel_fruit_tree
Lair:5:   minivault_25
Lair:6:   infiniplex_staircase_pool_2, lemuel_fruit_fields, grunt_megastairs_3,
          uniq_nessos
Lair:7:   pond_and_an_island_with_a_cottage, minmay_slime_entry_pillars,
          beast_lair_carwin_3
Lair:8:   evilmike_catoblepas_cave, grunt_megastairs_4, serial_bayou_shore_b
Shoals:2: nicolae_shoals_siren_and_animal_friends
Orc:1:    minmay_orc_temple_b
Orc:2:    grunt_orc_gardens, grunt_orc_garden, grunt_orc_garden,
          grunt_orc_garden, grunt_orc_garden, nicolae_orc_lost_temple,
          uniq_sonja, uniq_saint_roka
Ossuary:  minmay_ossuary_two_tombs

Action                   |  1- 3 |  4- 6 |  7- 9 | 10-12 | 13-15 | 16-18 || total
-------------------------+-------+-------+-------+-------+-------+-------++-------
Melee: Unarmed           |    15 |       |       |       |       |       ||    15
       Mace              |     5 |    10 |       |       |       |       ||    15
       Flail             |       |     3 |   130 |   123 |   226 |    14 ||   496
       Falchion          |       |       |    12 |    18 |       |       ||    30
 Fire: Blowgun           |       |    15 |    53 |     8 |    15 |       ||    91
       Hunting sling     |       |       |    23 |       |       |       ||    23
       Greatsling        |       |       |       |       |     4 |       ||     4
Throw: Tomahawk          |       |       |    11 |    29 |   110 |       ||   150
 Cast: Pain              |    78 |   139 |    90 |   248 |   237 |    10 ||   802
       Animate Skeleton  |     4 |    12 |     8 |    17 |     3 |       ||    44
       Vampiric Draining |     1 |    21 |   120 |   265 |   389 |    23 ||   819
       Control Undead    |       |       |    40 |    35 |    17 |       ||    92
       Force Lance       |       |       |       |    12 |    30 |    20 ||    62
       Mephitic Cloud    |       |       |       |     5 |    19 |       ||    24
       Bolt of Draining  |       |       |       |   100 |   504 |    64 ||   668
       Animate Dead      |       |       |       |    19 |    64 |     3 ||    86
       Venom Bolt        |       |       |       |       |    53 |     3 ||    56
       Fireball          |       |       |       |       |     8 |     5 ||    13
       Repel Missiles    |       |       |       |       |     3 |     1 ||     4
Evoke: Wand              |       |     2 |     8 |    21 |    16 |     4 ||    51
  Use: Scroll            |       |     2 |     9 |    10 |    17 |     2 ||    40
       Potion            |       |       |       |     2 |    12 |     3 ||    17
 Stab: Sleeping          |       |     1 |     5 |     1 |       |       ||     7
       Distracted        |       |       |     4 |       |     1 |       ||     5
  Eat: Chunk             |     7 |     7 |    15 |    27 |   115 |     4 ||   175
       Bread ration      |       |     1 |     4 |     5 |     2 |     1 ||    13
       Fruit             |       |     1 |       |     3 |    20 |       ||    24
       Royal jelly       |       |       |       |     1 |     1 |       ||     2
       Meat ration       |       |       |       |     1 |     2 |     1 ||     4
       Pizza             |       |       |       |       |     2 |     1 ||     3
       Beef jerky        |       |       |       |       |     1 |     1 ||     2
